 Dungeon Crawl Stone Soup version 0.21-a0-251-g5e8393f (webtiles) character file.

375 Gagarin the Chopper (level 6, -1/53 HPs)
             Began as a Hill Orc Fighter on Sept 5, 2017.
             Was an Initiate of Beogh.
             Killed from afar by sergedm's ghost (6 damage)
             ... with a spray of energy
             ... on level 3 of the Dungeon.
             The game lasted 00:12:59 (1740 turns).

Gagarin the Chopper (Hill Orc Fighter)              Turns: 1740, Time: 00:13:01

Health: -1/53      AC:  9    Str: 21    XL:     6   Next: 73%
Magic:  6/6        EV:  8    Int:  8    God:    Beogh [......]
Gold:   133        SH:  0    Dex: 10    Spells: 5/5 levels left

rFire    . . .     SeeInvis .   a - +0 war axe
rCold    . . .     Gourm    .   c - +0 shield
rNeg     . . .     Faith    .   b - +0 scale mail
rPois    .         Spirit   .   t - +1 helmet
rElec    .         Reflect  .   (no cloak)
rCorr    .         Harm     .   (no gloves)
MR       .....                  (no boots)
Stlth    ..........             (no amulet)
HPRegen  0.17/turn              (no ring)
MPRegen  0.10/turn              (no ring)

@: confused, lethally poisoned (-1 -> -1)
A: no striking features
a: Renounce Religion


You were on level 3 of the Dungeon.
You worshipped Beogh.
Beogh was noncommittal.
You were not hungry.

You visited 1 branch of the dungeon, and saw 3 of its levels.

You collected 133 gold pieces.

Inventory:

Hand Weapons
 a - a +0 war axe (weapon)
 p - a +0 mace
 q - a +0 whip of electrocution
 z - a +0 flail of venom
Missiles
 s - 4 tomahawks (quivered)
Armour
 b - a +0 scale mail (worn)
 c - a +0 shield (worn)
 t - a +1 helmet (worn)
Magical Staves
 v - an uncursed staff of earth {unknown}
Wands
 w - a wand of digging (14/24)
Scrolls
 i - 3 scrolls of identify
 l - 2 scrolls of recharging {unknown}
 m - 3 scrolls of amnesia {unknown}
 y - a scroll of fear {unknown}
Potions
 d - a potion of might
 e - 2 potions of curing {unknown}
 g - a potion of haste {unknown}
 j - a potion of resistance {unknown}
 k - a potion of invisibility {unknown}
 n - a potion of lignification {unknown}
 u - a potion of degeneration {unknown}
Comestibles
 f - 2 bread rations
 h - a royal jelly
 r - a meat ration
 x - a chunk of flesh


   Skills:
 + Level 4.7 Fighting
 + Level 6.4 Axes
 + Level 4.5 Armour
 - Level 1.0 Dodging
 + Level 4.3 Shields


You had 5 spell levels left.
You didn't know any spells.

Dungeon Overview and Level Annotations

Branches:
Dungeon (3/15)

Altars:
Ashenzari

Annotations:
D:3 sergedm's ghost, amateur DECj


Message History

You feel sick.
You feel sick.
Sergedm's ghost points at you and mumbles some strange words.
The spray of energy hits you!
* * * LOW HITPOINT WARNING * * *
You are confused.
You hit the hobgoblin.
The hobgoblin is moderately wounded.
The hobgoblin closely misses you.
You feel sick. The hobgoblin completely misses you. The hobgoblin hits you.
* * * LOW HITPOINT WARNING * * *
You barely miss the hobgoblin.
The hobgoblin is moderately wounded.
Your shield prevents you from hitting sergedm's ghost.
The hobgoblin hits you.
* * * LOW HITPOINT WARNING * * *
Sergedm's ghost casts a spell at you. The spray of energy hits you!
You die...

###.#............................
..........).......#.######..#####
....#.....?......................
##..#[#########......#####.......
#..#................+ .......
#..#.###..###.......#####.###...
#..#.# #..###...................
#..#.# #..#...Wg.......##.####..
#..#.# #..#....@...)............
#..#.###..#.............#.#####.
#.....##..#...............# #.
##.....##..#.........###...# #.
...........#.........# #...# #.
........#.##.........# #...# #.
.###.......#######...# #...# #.
.####.#....## #.#.###...# #)
...##.#.....# #....##...# #.


You could see sergedm's ghost and a hobgoblin.

Vanquished Creatures
  Grinder (D:3)
  Natasha (twice) (D:3)
  Robin (D:3)
  3 adders
  4 worms
  A dart slug (D:1)
  3 leopard geckos
  6 orcs (D:3)
  11 bats
  A giant cockroach (D:2)
  17 goblins
  10 hobgoblins
  3 jackals (D:3)
  3 kobolds
  2 quokkas (D:2)
  2 ball pythons
  3 frilled lizards
  4 rats
77 creatures vanquished.

Vanquished Creatures (others)
  2 orcs (D:3)
2 creatures vanquished.

Grand Total: 79 creatures vanquished

Notes
Turn   | Place    | Note
-------+----------+-------------------------------------------
     0 | D:1      | Gagarin the Hill Orc Fighter began the quest for the Orb.
     0 | D:1      | Reached XP level 1. HP: 19/19 MP: 1/1
    65 | D:1      | Reached XP level 2. HP: 24/27 MP: 2/2
    67 | D:1      | Reached skill level 3 in Axes
   251 | D:1      | Reached XP level 3. HP: 33/33 MP: 3/3
   582 | D:2      | Reached XP level 4. HP: 39/40 MP: 4/4
   594 | D:2      | Found a shattered altar of Ashenzari.
   711 | D:2      | Reached skill level 4 in Axes
  1190 | D:3      | Noticed Robin
  1197 | D:3      | Killed Robin
  1197 | D:3      | Reached XP level 5. HP: 42/47 MP: 5/5
  1331 | D:3      | Noticed Natasha
  1340 | D:3      | Killed Natasha
  1340 | D:3      | Reached skill level 5 in Axes
  1340 | D:3      | Reached skill level 1 in Dodging
  1445 | D:3      | Noticed Grinder
  1445 | D:3      | Paralysed by Grinder for 3 turns
  1457 | D:3      | Paralysed by Grinder for 3 turns
  1465 | D:3      | Killed Grinder
  1465 | D:3      | Reached skill level 6 in Axes
  1465 | D:3      | Reached XP level 6. HP: 41/53 MP: 6/6
  1583 | D:3      | Noticed Natasha
  1594 | D:3      | Killed Natasha
  1682 | D:3      | Became a worshipper of Beogh the Brigand
  1694 | D:3      | Noticed sergedm's ghost (amateur DECj)
  1740 | D:3      | Killed from afar by sergedm's ghost

Vault maps used:
D:1:      dpeg_arrival_rooms_a
D:2:      first_bread, evilmike_ruin_ashenzari
D:3:      grunt_temple_overflow_holy_war, uniq_natasha, uniq_grinder, uniq_robin

Skill      XL: |  1  2  3  4  5 |
---------------+----------------+-----
Axes           | 3 4 6 |  6.4
Fighting       | 4 |  4.7
Shields        | 4 |  4.3
Dodging        | 1 |  1.0
Armour         | 4 |  4.5

Action                   |  1- 3 |  4- 6 || total
-------------------------+-------+-------++-------
Melee: War axe           |    88 |   162 ||   250
Invok: Convert to Beogh  |       |     1 ||     1
  Use: Scroll            |       |     2 ||     2
       Potion            |       |     2 ||     2
  Eat: Chunk             |       |     3 ||     3
Armor: Scale mail        |    36 |    78 ||   114
Dodge: Dodged            |    27 |    59 ||    86
Block: Shield            |    48 |    76 ||   124

Table legend:
 A = Spawn XP
 B = Non-spawn XP
 C = Spawn XP percentage of total XP
 D = Spawn monster count
 E = Non-spawn monster count
 F = Spawn count percentage of total count
 G = Total turns spent on level
                    A         B        C        D         E        F      G
               +---------+---------+-------+---------+---------+-------+---------
         Total |      54 |     483 |  10.1 |      16 |      62 |  20.5 |  1740
               +---------+---------+-------+---------+---------+-------+---------
           D:1 |      36 |      37 |  49.3 |       7 |      20 |  25.9 |   563
           D:2 |       6 |      48 |  11.1 |       4 |      15 |  21.1 |   577
           D:3 |      12 |     398 |   2.9 |       5 |      27 |  15.6 |   600
               +---------+---------+-------+---------+---------+-------+---------
